 Dungeon Crawl Stone Soup version 0.28.0-53-g5a82cb258f (webtiles) character file.

Game seed: 9615272467112979054

48 DildoBatman the Conjurer (level 4, -4/32 HPs)
             Began as a Formicid Conjurer on Aug 10, 2022.
             Slain by a centaur warrior zombie (7 damage)
             ... on level 6 of the Dungeon.
             The game lasted 00:03:51 (1526 turns).

DildoBatman the Conjurer (Formicid Conjurer)        Turns: 1526, Time: 00:03:51

Health: -4/32      AC:  6    Str: 18    XL:     4   Next: 0%
Magic:  4/8        EV: 11    Int: 17    God:
Gold:   77         SH:  0    Dex: 11    Spells: 5/8 levels left

rFire   + . .      SeeInvis +   i - +0 dagger
rCold   + . .      Faith    .   (no shield)
rNeg    . . .      Spirit   .   q - +3 leather armour of Polytheism {rC+}
rPois   .          Reflect  .   (helmet unavailable)
rElec   .          Harm     .   (no cloak)
rCorr   .          Rampage  .   (no gloves)
Will    .....                   (no boots)
Stlth   ++........              (no amulet)
HPRegen 0.10/turn               c - +6 ring of strength
MPRegen 0.11/turn               k - ring of protection from fire

@: no status effects
A: permanent stasis, dig shafts and tunnels, antennae 3, four strong arms
a: Dig, Shaft Self


You were on level 6 of the Dungeon.
You visited 1 branch of the dungeon, and saw 4 of its levels.

You collected 77 gold pieces.

Inventory:

Hand Weapons
 e - a +0 club
 i - a +0 dagger (weapon)
Missiles
 d - 3 poisoned darts (quivered)
 g - 38 arrows
 h - 78 stones
 n - 30 bolts
 r - 22 sling bullets
Armour
 q - the +3 leather armour of Polytheism (worn) {rC+}
   (You found it on level 2 of the Dungeon)

   rC:        It protects you from cold.
Jewellery
 c - a +6 ring of strength (left hand)
 k - a ring of protection from fire (right hand)
Scrolls
 a - a scroll of magic mapping {unknown}
 f - a scroll of vulnerability {unknown}
 l - a scroll of amnesia {unknown}
 m - a scroll of fear {unknown}
 o - a scroll of identify {unknown}
 s - a scroll of immolation {unknown}
Potions
 b - a potion of heal wounds {unknown}
 j - a potion of resistance {unknown}
 p - a potion of curing {unknown}


   Skills:
 * Level 1.5 Fighting
 * Level 1.4 Armour
 - Level 2.0 Dodging
 - Level 2.4 Stealth
 * Level 2.6 Spellcasting
 * Level 3.9 Conjurations


You had 5 spell levels left.
You knew the following spells:

 Your Spells              Type           Power      Damage    Failure   Level
a - Searing Ray           Conj           30%        2d5       6%          2
c - Magic Dart            Conj           60%        1d6       4%          1

Your spell library contained the following spells:

 Spells                   Type           Power      Damage    Failure   Level
 Dazzling Flash           Conj/Hex       18%        N/A       28%         3
 Fulminant Prism          Conj/Hex       4%         3d6       67%         4
 Iskenderun's Mystic Bla  Conj/Tloc      9%         2d4       67%         4


Dungeon Overview and Level Annotations

Branches:
Dungeon (3/15)

Altars:
Fedhas
Ru

Portals:
Sewer: D:3


Innate Abilities, Weirdness & Mutations

You cannot be hasted, slowed, berserked, paralysed or teleported.
You can dig through walls and to a lower floor.
You have a pair of large antennae on your head. (SInv)
Your four strong arms can wield two-handed weapons with a shield.


Message History

You shout for attention!
The centaur warrior zombie hits you.
The centaur warrior zombie kicks you but does no damage.
The centaur skeleton barely misses you. x2
What are your orders? t - Shout!
Orders for allies: a - Attack new target. r - Retreat! s - Stop attacking. g - Guard the area. f - Follow me.
Anything else - Cancel.
You shout for attention!
The centaur warrior zombie hits you. The centaur warrior zombie kicks you.
The centaur skeleton hits you. The centaur skeleton misses you.
The centaur warrior zombie hits you.
The centaur warrior zombie kicks you but does no damage.
The centaur skeleton hits you but does no damage.
The centaur skeleton kicks you but does no damage.
What are your orders? t - Shout!
Orders for allies: a - Attack new target. r - Retreat! s - Stop attacking. g - Guard the area. f - Follow me.
Anything else - Cancel.
You shout for attention!
The centaur warrior zombie hits you. The centaur warrior zombie misses you.
The centaur skeleton closely misses you.
The centaur skeleton kicks you. What are your orders? t - Shout!
Orders for allies: a - Attack new target. r - Retreat! s - Stop attacking. g - Guard the area. f - Follow me.
Anything else - Cancel.
You shout for attention!
The sky beast flickers out of sight for a moment.
The centaur warrior zombie hits you!
You die...

####. #.....
###.5....
####.YZ.....
#..Z@#
#....####
..#


You could see a sky beast (invisible), a white imp, a centaur warrior zombie and
a centaur skeleton.

Vanquished Creatures
  2 worms (D:3)
  A dart slug (D:2)
  7 bats
  7 endoplasms
  2 giant cockroaches (D:1)
  4 goblins
  3 hobgoblins (D:1)
  3 quokkas (D:2)
  3 ball pythons
  2 rats
34 creatures vanquished.

Notes
Turn   | Place    | Note
-------+----------+-------------------------------------------
     0 | D:1      | DildoBatman the Formicid Conjurer began the quest for the
                  | Orb.
     0 | D:1      | Reached XP level 1. HP: 13/13 MP: 3/3
   138 | D:1      | Reached XP level 2. HP: 16/20 MP: 1/5
   200 | D:1      | Learned a level 2 spell: Searing Ray
   424 | D:1      | Reached skill level 1 in Armour
   438 | D:1      | Found a faded altar of an unknown god.
   447 | D:1      | Reached skill level 1 in Fighting
   465 | D:1      | Reached XP level 3. HP: 12/26 MP: 3/6
  1172 | D:2      | Identified the +3 leather armour of Polytheism {rC+}
  1299 | D:3      | Found a glowing drain.
  1374 | D:3      | Found a sacrificial altar of Ru.
  1423 | D:3      | Found a blossoming altar of Fedhas.
  1508 | D:3      | Reached XP level 4. HP: 26/32 MP: 2/8
  1514 | D:3      | You fall into a shaft and drop 3 floors!
  1518 | D:6      | Noticed a centaur warrior zombie
  1519 | D:6      | Noticed a sky beast
  1526 | D:6      | Slain by a centaur warrior zombie

Illustrated notes

Levels and vault maps discovered:
D:1:      giann_bridges, layout_rooms, serial_forest, infiniplex_forest_lined_1,
          infiniplex_forest_clump_small, infiniplex_forest_lined_room_3,
          infiniplex_forest_straight_1, hellmonk_ecumenical_altar_slurped_away,
          minmay_strange_pillars, corexii_hall_statues_l
D:2:      minmay_wonky_spiral, layout_loops_ring
D:3:      layout_loops_ring, bloody_makhleb, nicolae_sif_muna_condensation,
          nicolae_ru_sacrificial_ziggurat, mainiacjoe_overflow_catwalk,
          cheibrodos_sewer_entry_drain
D:6:      layout_rooms, nicolae_wu_jian_immortal_techniques,
          minmay_temple_entry_nine_rooms, uniq_pikel

Skill      XL: |  1  2 |
---------------+-------+-----
Dodging        | 2 |  2.0
Armour         | 1 |  1.4
Fighting       | 1 |  1.5
Stealth        | |  2.4
Spellcasting   | |  2.6
Conjurations   | |  3.9

Action                   |  1- 3 |  4- 6 || total
-------------------------+-------+-------++-------
Melee: Unarmed           |    11 |       ||    11
       Dagger            |    33 |       ||    33
       Club              |     8 |       ||     8
       Punch             |     3 |       ||     3
Throw: Dart              |     4 |       ||     4
 Cast: Magic Dart        |    42 |       ||    42
       Searing Ray       |     4 |       ||     4
 Abil: Shaft Self        |       |     1 ||     1
 Stab: Sleeping          |     4 |       ||     4
Armor: Robe              |     6 |       ||     6
       Leather armour    |    10 |    11 ||    21
Dodge: Dodged            |    29 |    11 ||    40
